 Dungeon Crawl Stone Soup version 0.28.0-53-g5a82cb258f (webtiles) character file.

Game seed: 484195026156592913

270 Gabide the Skirmisher (level 6, 0/51 HPs)
             Began as a Mummy Berserker on June 15, 2022.
             Was a Plaything of Xom.
             Slain by a polar bear (4 damage)
             ... created by the rage of Trog
             ... on level 5 of the Dungeon.
             The game lasted 00:10:47 (5382 turns).

Gabide the Skirmisher (Mummy Berserker)             Turns: 5382, Time: 00:10:48

Health: 0/51       AC: 10    Str: 24    XL:     6   Next: 1%
Magic:  2/2        EV: 11    Int:  6    God:    Xom [...*..]
Gold:   188        SH:  0    Dex: 12    Spells: 5/5 levels left

rFire   . . .      SeeInvis .   f - +8 long sword "Rovuetacw" {antimagic, Str+2}
rCold   + + .      Faith    .   (no shield)
rNeg    + + +      Spirit   .   j - +2 ring mail {rF+}
rPois   ∞          Reflect  .   l - +1 helmet
rElec   .          Harm     .   (no cloak)
rCorr   .          Rampage  .   (no gloves)
Will    .....                   o - +0 pair of boots
Stlth   +.........              (no amulet)
HPRegen 0.17/turn               e - ring of protection from cold
MPRegen 0.08/turn               (no ring)

@: no status effects
A: cold resistance 1, negative energy resistance 3, torment resistance 2, heat
vulnerability 1, no potions
a: Renounce Religion


You were on level 5 of the Dungeon.
You worshipped Xom.
You were a favourite toy of Xom.
You visited 1 branch of the dungeon, and saw 5 of its levels.

You collected 188 gold pieces.

Inventory:

Hand Weapons
 f - the +8 long sword "Rovuetacw" (weapon) {antimagic, Str+2}
   (You found it on level 2 of the Dungeon)

   It reduces the magical energy of the wielder, and disrupts the spells and
   magical abilities of those it strikes.
   Natural abilities and divine invocations are not affected.
   Str:       It affects your strength (+2).
Missiles
 a - 94 stones
 p - a poisoned dart (quivered)
Armour
 i - a +2 robe of willpower
 j - a +2 ring mail of fire resistance (worn)
 l - a +1 helmet (worn)
 o - a +0 pair of boots (worn)
Jewellery
 e - a ring of protection from cold (left hand)
Wands
 d - a wand of digging (5)
Scrolls
 g - a scroll of vulnerability
 k - a scroll of blinking {unknown}
 m - a scroll of noise {unknown}


   Skills:
 * Level 5.3 Fighting
 - Level 1.5 Armour
 + Level 2.9 Dodging
 - Level 3.4 Unarmed Combat


You had 5 spell levels left.
You didn't know any spells.
Your spell library was empty.

Dungeon Overview and Level Annotations

Branches:
Dungeon (5/15)
 Temple: D:4-7

Altars:
Trog
Wu Jian
Xom

Annotations:
D:3 exclusion: moth of wrath


Innate Abilities, Weirdness & Mutations

You are immune to poison.
Your flesh is cold resistant. (rC+)
You are immune to negative energy. (rN+++)
You are immune to unholy pain and torment.
You are vulnerable to heat. (rF-)
You do not drink.


Message History

The polar bear claws you but does no damage.
The polar bear claws you.
Your white imp hits the polar bear but does no damage.
Found a stone staircase leading down.
Your white imp gestures at the polar bear.
The puff of frost hits the polar bear.
The polar bear resists.
Your white imp gestures at the polar bear.
The puff of frost misses the polar bear.
Your white imp gestures at the polar bear.
The puff of frost hits the polar bear.
The polar bear resists.
There is a stone staircase leading down here.
Your white imp disappears in a puff of smoke!
A gnoll comes into view. It is wielding a +0 halberd.
The gnoll shouts! "Heh heh heh..."
You are confused.
You hear a shout! x3
A gnoll comes into view. It is wielding a +0 spear.
The gnoll throws a stone.
The stone completely misses you. The gnoll barely misses you.
You bump into the rock wall.
The gnoll hits you from afar with a +0 halberd.
The polar bear bites you!
* * * LOW HITPOINT WARNING * * *
A shower of butterflies erupts from you!
The polar bear closely misses you. The polar bear barely misses you.
Are you sure you want to stumble around while confused and next to your butterfly?
You miss your butterfly.
Your butterfly disappears in a puff of smoke!
The gnoll hits you but does no damage. The polar bear closely misses you.
The polar bear claws you but does no damage.
The polar bear barely misses you.
The gnoll hits you from afar with a +0 halberd.
* * * LOW HITPOINT WARNING * * *
Are you sure you want to stumble around while confused and next to your butterfly?
You bump into the rock wall.
You feel less confused. The polar bear bites you.
You die...
Xom cackles wildly!

#.....# #.# #.....####
#.# #....5...# ##.##
#.....##.# ##...##
#.....##.# #.....#
########5# #.... ...#
#.#
##.######b#######.####.#
#....b§@hb...>....§....#
##.######g#######.######
#g# #.# #.# #.# #.. ..#
#g# ### #.# #.#


You could see a polar bear (ally target) and a gnoll.

Vanquished Creatures
  Terence (D:2)
  Robin (D:3)
  10 gnolls
  5 adders
  3 worms
  6 orcs
  5 bats
  9 endoplasms
  4 giant cockroaches
  11 goblins
  8 hobgoblins
  4 quokkas
  6 ball pythons
  5 kobolds
  5 rats
83 creatures vanquished.

Vanquished Creatures (others)
  A goblin (D:4)
  A fungus (D:1)
2 creatures vanquished.

Grand Total: 85 creatures vanquished

Notes
Turn   | Place    | Note
-------+----------+-------------------------------------------
     0 | D:1      | Gabide the Mummy Berserker began the quest for the Orb.
     0 | D:1      | Reached XP level 1. HP: 18/18 MP: 1/1
   287 | D:1      | Reached XP level 2. HP: 13/24 MP: 2/2
  1146 | D:1      | Reached ** piety under Trog
  1239 | D:1      | Found a faded altar of an unknown god.
  1460 | D:1      | Reached XP level 3. HP: 9/29 MP: 3/3
  1982 | D:2      | Identified the +8 long sword "Rovuetacw" {antimagic, Str+2}
  2058 | D:2      | Found an ornate altar of the Wu Jian Council.
  2080 | D:2      | Reached XP level 4. HP: 17/37 MP: 1/4
  2334 | D:2      | Reached skill level 4 in Fighting
  2961 | D:2      | Noticed Terence
  2970 | D:2      | Killed Terence
  2971 | D:2      | Reached XP level 5. HP: 21/43 MP: 1/5
  3430 | D:3      | Noticed Robin
  3444 | D:3      | Reached *** piety under Trog
  3447 | D:3      | Killed Robin
  3652 | D:3      | Noticed a moth of wrath
  3655 | D:3      | Found a bloodstained altar of Trog.
  3672 | D:3      | Reached skill level 5 in Fighting
  3839 | D:3      | Found an ornate altar of the Wu Jian Council.
  4819 | D:4      | Found a shimmering altar of Xom.
  4841 | D:4      | Fell from the grace of Trog
  4841 | D:4      | Became a worshipper of Xom the Psychotic
  5023 | D:4      | Reached XP level 6. HP: 44/51 MP: 2/6
  5102 | D:4      | XOM: noise
  5142 | D:4      | Noticed a polar bear
  5142 | D:4      | Noticed a polar bear
  5142 | D:4      | Noticed a polar bear
  5142 | D:4      | Noticed a polar bear
  5142 | D:4      | Noticed a polar bear
  5146 | D:4      | XOM: cast spell 'Summon Mana Viper'
  5235 | D:5      | Entered Level 5 of the Dungeon
  5352 | D:5      | XOM: summons 3 friendly demons
  5376 | D:5      | XOM: confusion
  5380 | D:5      | XOM: butterfly on damage
  5382 | D:5      | Slain by a polar bear

Illustrated notes

Levels and vault maps discovered:
D:1:      dpeg_arrival_brainrot, layout_loops_cross,
          shapermc_ecumenical_altar_acropolis, dk_noncrumbling_3
D:2:      layout_loops_corners, basic_altar, minmay_door_square, uniq_terence
D:3:      layout_basic, tgw_trog, nicolae_wu_jian_immortal_techniques,
          uniq_robin
D:4:      layout_loops_corners, brannock_xom_greatest_gift,
          kennysheep_generic_room_12
D:5:      layout_loops_corners, nicolae_vehumet_radiance

Skill      XL: |  1  2  3  4  5 |
---------------+----------------+-----
Dodging        | 2 |  2.9
Unarmed Combat | 3 |  3.4
Fighting       | 4 5 |  5.3
Armour         | |  1.5

Action                   |  1- 3 |  4- 6 || total
-------------------------+-------+-------++-------
Melee: Unarmed           |   107 |       ||   107
       Punch             |     2 |     4 ||     6
       Long sword        |     6 |   129 ||   135
Throw: Stone             |     5 |       ||     5
       Dart              |       |     3 ||     3
Invok: Trog's Hand       |     2 |       ||     2
  Use: Scroll            |       |     5 ||     5
Armor: Animal skin       |    14 |       ||    14
       Leather armour    |     9 |       ||     9
       Scale mail        |       |     8 ||     8
       Ring mail         |       |    51 ||    51
Dodge: Dodged            |    68 |   112 ||   180
